 Dungeon Crawl Stone Soup version 0.29.1-2-gbd0b4ee654 (webtiles) character file.

Game seed: 13070931199875599794

23 xian the Stinger (level 3, 0/21 HPs)
             Began as an Octopode Venom Mage on Nov 19, 2022.
             Slain by a ball python (3 damage)
             ... on level 1 of the Dungeon.
             The game lasted 00:02:02 (967 turns).

xian the Stinger (Octopode Venom Mage)               Turns: 967, Time: 00:02:02

Health: 0/21       AC:  1    Str:  9    XL:     3   Next: 0%
Magic:  6/6        EV: 10    Int: 17    God:
Gold:   4          SH:  0    Dex: 12    Spells: 5/6 levels left

rFire   . . .      SeeInvis .   (no weapon)
rCold   . . .      Faith    .   (no shield)
rNeg    . . .      Spirit   .   (helmet restricted)
rPois   .          Reflect  .   (no amulet)
rElec   .          Harm     .   (no ring)
rCorr   .          Rampage  .   (no ring)
Will    .....                   (no ring)
Stlth   +++.......              (no ring)
HPRegen 0.07/turn               (no ring)
MPRegen 0.10/turn               (no ring)
                                (no ring)
                                (no ring)

@: constricted
A: almost no armour, amphibious, 8 rings, camouflage 1, gelatinous body 1,
(nimble swimmer 1), tentacles
a: no special abilities


You were on level 1 of the Dungeon.
You visited 1 branch of the dungeon, and saw 1 of its levels.

You collected 28 gold pieces.
You spent 24 gold pieces at shops.

Inventory:

Scrolls
 c - a scroll of enchant armour {unknown}
 d - a scroll of teleportation {unknown}
 e - 2 scrolls of identify {unknown}
Potions
 a - a potion of magic
 b - 2 potions of flight {unknown}


   Skills:
 + Level 2.1 Dodging
 + Level 3.0 Stealth
 + Level 2.2 Spellcasting
 + Level 1.4 Transmutations
 + Level 4.1 Poison Magic


You had 5 spell levels left.
You knew the following spells:

 Your Spells              Type           Power      Damage    Failure   Level
a - Sting                 Tmut/Pois      44%        1d5       6%          1

Your spell library contained the following spells:

 Spells                   Type           Power      Damage    Failure   Level
 Poisonous Vapours        Pois/Air       18%        N/A       12%         2
 Mephitic Cloud           Conj/Pois/Air  6%         N/A       32%         3
 Olgreb's Toxic Radiance  Pois           16%        N/A       32%         4


Dungeon Overview and Level Annotations

Branches:
Dungeon (1/15)

Altars:

Shops:
D:1 *


Innate Abilities, Weirdness & Mutations

You cannot wear most types of armour.
You are amphibious.
You can wear up to eight rings at the same time.
Your skin changes colour to match your surroundings (Stealth+).
Your rubbery body absorbs attacks. (AC +1, EV +1)
((You are camouflaged when in or above water. (Stealth+)))
You have tentacles for arms and can constrict up to eight enemies at once.


Message History

You constrict the kobold. The kobold closely misses you.
You tentacle-slap the kobold.
You kill the kobold!
You tentacle-slap the goblin. Your grab misses the goblin.
The goblin is heavily wounded.
The goblin misses you.
You tentacle-slap the goblin. Your grab misses the goblin.
The goblin is heavily wounded.
A ball python comes into view.
The goblin hits you with a +0 dagger.
* * * LOW HITPOINT WARNING * * *
You closely miss the goblin. You grab the goblin.
The goblin is heavily wounded.
You constrict the goblin. The goblin hits you with a +0 dagger.
* * * LOW HITPOINT WARNING * * *
A goblin comes into view. It is wielding a +0 club. x2
You tentacle-slap the goblin.
You kill the goblin!
You have reached level 3!
Your experience leads to an increase in your attributes!
Increase (S)trength, (I)ntelligence, or (D)exterity?
You feel stronger. x2
The goblin drinks a potion.
The goblin flickers and vanishes!
Deactivating autopickup; reactivate with Ctrl-A.
There is an entrance to Qejaxed's Assorted Antiques here.
You barely miss the ball python. Your grab misses the ball python.
The ball python bites you.
* * * LOW HITPOINT WARNING * * *
The ball python closely misses you.
You barely miss the ball python. Your grab misses the ball python.
The ball python bites you.
* * * LOW HITPOINT WARNING * * *
The ball python barely misses you.
Unknown command.
You barely miss the ball python. Your grab misses the ball python.
The ball python barely misses you. The ball python grabs you.
The ball python constricts you.
* * * LOW HITPOINT WARNING * * *
The ball python bites you.
You die...

#.#.......#.##.#
#.........#.##.#
###.#>......##.#
#.#.......##.#
#######........###.#
#................#.#
#.#####.......#....#
.......#.........#.#### ###
#.###..#..@..###......###..
#.........S..#####.....÷...
######..8.∩.>.8....##.....#
...........##'#########.#
########.#.g....# #..
#.#......# ### #........#
##.......# ##.....)).#


You could see a goblin and a ball python.

Vanquished Creatures
  4 endoplasms (D:1)
  2 giant cockroaches (D:1)
  3 goblins (D:1)
  2 hobgoblins (D:1)
  A quokka (D:1)
  3 ball pythons (D:1)
  A bat (D:1)
  3 frilled lizards (D:1)
  2 kobolds (D:1)
  A rat (D:1)
22 creatures vanquished.

Notes
Turn   | Place    | Note
-------+----------+-------------------------------------------
     0 | D:1      | xian the Octopode Venom Mage began the quest for the Orb.
     0 | D:1      | Reached XP level 1. HP: 11/11 MP: 3/3
   315 | D:1      | Reached skill level 4 in Poison Magic
   315 | D:1      | Reached XP level 2. HP: 17/17 MP: 3/5
   560 | D:1      | Found Qejaxed's Assorted Antiques.
   687 | D:1      | Bought a scroll labelled ACO ZUCAJYVVEOKA for 24 gold
                  | pieces
   956 | D:1      | Reached XP level 3. HP: 5/21 MP: 6/6
   967 | D:1      | Slain by a ball python

Illustrated notes

Levels and vault maps discovered:
D:1:      eino_arrival_cavern_e, layout_basic, serial_shops, shop_statue

Skill      XL: |  1  2 |
---------------+-------+-----
Poison Magic   | 4 |  4.1
Stealth        | 3 |  3.0
Dodging        | |  2.1
Spellcasting   | |  2.2
Transmutations | |  1.4

Action                   || total
-------------------------++-------
Melee: Unarmed           ||    47
       Constrict         ||    12
       Tentacles         ||    12
 Cast: Sting             ||    11
 Stab: Sleeping          ||     2
Armor: Skin              ||     3
Dodge: Dodged            ||    20
